 Dungeon Crawl Stone Soup version 0.31-a0-187-gba352fbbf7 (webtiles) character file.

Game seed: 12414434868489301343

315 qw the Skirmisher (level 6, -1/29 (35) HPs)
             Began as a Deep Elf Hunter on June 22, 2023.
             Slain by Edmund
             ... wielding a +2 flail of draining
              (3 damage)
             ... on level 4 of the Dungeon.
             The game lasted 00:01:05 (3027 turns).

qw the Skirmisher (Deep Elf Hunter)                 Turns: 3027, Time: 00:01:05

HP:   -1/29 (35)    AC:  8    Str: 10    XL:     6   Next: 20%
MP:   8/8           EV:  9    Int: 14    God:
Gold: 125           SH:  0    Dex: 18    Spells: 5/5 levels left

rFire   . . .        Y - +1 shortbow
rCold   . . .        (shield currently unavailable)
rNeg    . . .        g - +0 scale mail
rPois   .            (no helmet)
rElec   .            (no cloak)
rCorr   .            i - +1 pair of gloves
SInv    +            (no boots)
Will    .....        (no amulet)
Stlth   +            l - ring of see invisible
HPRegen 0.24/turn    (no ring)
MPRegen 0.11/turn

%: no passive effects
@: heavily drained
A: no striking features
a: no special abilities


You were on level 4 of the Dungeon.
You visited 1 branch of the dungeon, and saw 4 of its levels.

You collected 125 gold pieces.


   Skills:
 - Level 2.0 Fighting
 + Level 9.0 Ranged Weapons
 - Level 1.8 Armour
 - Level 2.4 Dodging
 - Level 1.2 Stealth


You had 5 spell levels left.
You didn't know any spells.
Your spell library was empty.

Inventory:

Hand Weapons
 Y - a +1 shortbow (weapon)
Armour
 g - a +0 scale mail (worn)
 i - a +1 pair of gloves (worn)
Jewellery
 l - a ring of see invisible (left hand)
Wands
 k - a wand of digging (6)
Scrolls
 b - 2 scrolls of identify
Potions
 a - a potion of heal wounds {unknown}
 h - a potion of brilliance {unknown}
 j - a potion of curing {unknown}

Dungeon Overview and Level Annotations

Branches:
Dungeon (4/15)
 Temple: D:4-7

Altars:
Dithmenos
Fedhas
Qazlal
Uskayaw

Annotations:
D:2 1 runed translucent door, Crazy Yiuf
D:3 1 runed translucent door, qw's ghost, amateur GrFi
D:4 Edmund


Message History

Your Fighting skill increases to level 2!
You start resting.
HP restored.
A kobold comes into view. It is wielding a +0 whip.
Found a robe.
Enter note:
Enter note: You shoot an arrow.
The arrow closely misses the kobold.
You shoot an arrow. The arrow closely misses the kobold.
You shoot an arrow. The arrow hits the kobold.
You kill the kobold!
Things that are here:
a +0 whip; a kobold corpse You see here a +0 robe.
Found a stone staircase leading down.
Enter note:
Enter note: Edmund the Younger comes into view.
He is wielding a +2 flail of draining.
Edmund shouts!
Enter note:
Enter note: You shoot an arrow.
The arrow closely misses Edmund.
You shoot an arrow. The arrow hits Edmund.
Edmund is lightly wounded.
You shoot an arrow. The arrow closely misses Edmund.
You shoot an arrow. The arrow hits Edmund.
Edmund is lightly wounded.
Edmund hits you with a +2 flail of draining!
You feel drained.
You shoot an arrow. The arrow hits Edmund.
Edmund is lightly wounded.
Edmund hits you with a +2 flail of draining!
You feel drained.
You shoot an arrow. The arrow closely misses Edmund.
Edmund hits you with a +2 flail of draining.
You feel drained.
You shoot an arrow. The arrow closely misses Edmund.
Edmund hits you with a +2 flail of draining!
You feel drained.
You die...

#....# #....# #######
######....# #.....#
#....)..... #.....#
#[#########
#####.....###.#########
#>.....................
#.##...#############...
#.@@# #... #...# ###.
......# ## #.....#?.
#........ #....##...
#.... #... #.... #....


You could see Edmund.

Vanquished Creatures
  A phantom (D:4)
  An iguana (D:4)
  Ijyb (D:3)
  An orc wizard (D:3)
  5 adders
  4 gnolls (D:3)
  2 worms
  2 dart slugs
  3 orcs
  6 bats
  4 endoplasms
  3 giant cockroaches
  8 goblins
  6 hobgoblins
  3 jackals (D:1)
  7 kobolds
  A quokka (D:2)
  7 ball pythons
  4 frilled lizards
  5 rats
74 creatures vanquished.

Notes
Turn   | Place    | Note
-------+----------+-------------------------------------------
     0 | D:1      | qw the Deep Elf Hunter began the quest for the Orb.
     0 | D:1      | Reached XP level 1. HP: 12/12 MP: 3/3
     0 | D:1      | 0 ||| qw: Version: 0.3-a-9-g12657ce
     0 | D:1      | 0 ||| qw: Game counter: 2268
     0 | D:1      | 0 ||| qw: Always use a shield: true
     0 | D:1      | 0 ||| qw: God list: Okawaru
     0 | D:1      | 0 ||| qw: Allow faded altars: false
     0 | D:1      | 0 ||| qw: Do Orc after D:15 true
     0 | D:1      | 0 ||| qw: Do second Lair branch before Depths: true
     0 | D:1      | 0 ||| qw: Lair rune preference: random
     0 | D:1      | 0 ||| qw: Plans: Normal
     0 | D:1      | 0 ||| PLANNING D:1-11
   229 | D:1      | Reached XP level 2. HP: 16/16 MP: 4/4
   234 | D:1      | Reached skill level 6 in Ranged Weapons
   685 | D:1      | 685 ||| READING 2 scrolls labelled ZITEJI XIEN.
   686 | D:1      | 686 ||| READING scroll labelled UMODEO VEXOIBB.
   687 | D:1      | 687 ||| READING 2 scrolls labelled QIUMMO IMOTEOPP.
   688 | D:1      | 688 ||| READING scroll labelled XESAKY LERPH.
   689 | D:1      | 689 ||| DROPPING scroll of butterflies.
   690 | D:1      | 690 ||| DROPPING scroll of blinking.
   779 | D:2      | Reached XP level 3. HP: 20/20 MP: 5/5
   818 | D:2      | Found a blossoming altar of Fedhas.
   850 | D:2      | Found a runed translucent door.
   851 | D:2      | Noticed Crazy Yiuf
   990 | D:2      | Reached skill level 7 in Ranged Weapons
  1546 | D:2      | Reached XP level 4. HP: 25/25 MP: 6/6
  1700 | D:2      | 1700 ||| READING 4 scrolls labelled ESHUNY URAIPS.
  1701 | D:2      | 1701 ||| READING scroll labelled MOETHR VIKUUDD.
  1702 | D:2      | 1702 ||| READING 3 scrolls of identify.
  1702 | D:2      | 1702 ||| IDENTIFYING fizzy orange potion
  1703 | D:2      | 1703 ||| READING 2 scrolls of identify.
  1703 | D:2      | 1703 ||| IDENTIFYING sapphire potion
  1704 | D:2      | 1704 ||| DROPPING potion of berserk rage.
  1705 | D:2      | 1705 ||| DROPPING potion of attraction.
  1707 | D:2      | 1707 ||| Stepping ~*~*~tactically~*~*~ (cloud).
  1941 | D:3      | Noticed qw's ghost (amateur GrFi)
  2111 | D:3      | Reached skill level 8 in Ranged Weapons
  2237 | D:3      | Noticed Ijyb
  2245 | D:3      | Killed Ijyb
  2246 | D:3      | Reached XP level 5. HP: 29/29 MP: 7/7
  2426 | D:3      | Found a runed translucent door.
  2478 | D:3      | Reached skill level 9 in Ranged Weapons
  2641 | D:3      | 2641 ||| UPGRADING to +0 scale mail.
  2651 | D:3      | 2651 ||| DROPPING +0 leather armour.
  2652 | D:3      | 2652 ||| UPGRADING to +0 pair of gloves.
  2657 | D:3      | 2657 ||| READING scroll of enchant armour.
  2657 | D:3      | 2657 ||| ENCHANTING +0 pair of gloves.
  2658 | D:3      | 2658 ||| UPGRADING to ring of see invisible.
  2659 | D:3      | 2659 ||| DROPPING ring of flight.
  2660 | D:3      | 2660 ||| READING scroll labelled RUAMOEBBITT.
  2664 | D:3      | 2664 ||| READING scroll labelled RUSAAKHL EHICI.
  2665 | D:3      | 2665 ||| READING 2 scrolls of identify.
  2665 | D:3      | 2665 ||| IDENTIFYING ruby potion
  2666 | D:3      | 2666 ||| DROPPING potion of ambrosia.
  2756 | D:4      | Noticed a phantom
  2763 | D:4      | Killed a phantom
  2764 | D:4      | Reached skill level 1 in Armour
  2764 | D:4      | Reached XP level 6. HP: 30/34 MP: 8/8
  2842 | D:4      | Found a shadowy altar of Dithmenos.
  2843 | D:4      | Found a stormy altar of Qazlal.
  2844 | D:4      | Found a blossoming altar of Fedhas.
  2844 | D:4      | Found a hide-covered altar of Uskayaw.
  3020 | D:4      | Noticed Edmund
  3027 | D:4      | HP: 2/31 [Edmund/+2 flail of draining (9)]
  3027 | D:4      | Slain by Edmund

Levels and vault maps discovered:
D:1:      minmay_arrival_plants_in_alcoves, layout_loops_ring,
          minmay_crystal_water
D:2:      layout_loops_corners, basic_altar, grunt_ministairs_1,
          uniq_crazy_yiuf_cottage
D:3:      layout_basic, hellmonk_ghost_happy_afterlife, uniq_ijyb
D:4:      layout_basic, mainiacjoe_overflow_alcove_3, uniq_edmund

Skill      XL: |  1  2  3  4  5  6 |
---------------+-------------------+-----
Ranged Weapons | 6 7 8 9 |  9.0
Armour         | 1 |  1.8
Fighting       | 2 |  2.0
Dodging        | |  2.4
Stealth        | |  1.2

Action                     |  1- 3 |  4- 6 || total
---------------------------+-------+-------++-------
   Fire: Shortbow          |   106 |   101 ||   207
    Use: Scroll            |     4 |     8 ||    12
 Armour: Leather armour    |    14 |       ||    14
         Scale mail        |       |     5 ||     5
  Dodge: Dodged            |    24 |    12 ||    36

Table legend:
 A = Non-vault XP
 B = Vault XP
 C = Vault XP percentage of total XP
 D = Non-vault monster count
 E = Vault monster count
 F = Vault count percentage of total count
                 A         B        C        D         E       F
            +---------+---------+-------+---------+---------+-------
      Total |     411 |      40 |   8.9 |      71 |       3 |   4.1
            +---------+---------+-------+---------+---------+-------
        D:1 |      36 |       0 |   0.0 |      20 |       0 |   0.0
        D:2 |      59 |       4 |   6.3 |      24 |       2 |   7.7
        D:3 |     152 |      36 |  19.1 |      19 |       1 |   5.0
        D:4 |     164 |       0 |   0.0 |       8 |       0 |   0.0
            +---------+---------+-------+---------+---------+-------
